 Dungeon Crawl Stone Soup version 0.23.2-40-g277498a001 (webtiles) character file.

Game seed: 7585014737017059863

95 Destapler the Changer (level 4, -3/33 HPs)
             Began as a Merfolk Transmuter on Aug 20, 2019.
             Slain by an orc
             ... wielding a +0 trident
              (7 damage)
             ... on level 3 of the Dungeon on Aug 22, 2019.
             The game lasted 00:08:01 (2407 turns).

Destapler the Changer (Merfolk Transmuter)          Turns: 2407, Time: 00:08:01

Health: -3/33      AC:  3    Str: 10    XL:     4   Next: 66%
Magic:  7/8        EV: 13    Int: 13    God:
Gold:   81         SH:  0    Dex: 14    Spells: 7/8 levels left

rFire    . . .     SeeInvis .   f - +2 whip (freeze)
rCold    . . .     Gourm    .   (no shield)
rNeg     . . .     Faith    .   b - +0 robe
rPois    .         Spirit   .   (no helmet)
rElec    .         Reflect  .   (no cloak)
rCorr    .         Harm     .   n - +0 pair of gloves
MR       .....                  (no boots)
Stlth    ++........             (no amulet)
HPRegen  0.11/turn              (no ring)
MPRegen  0.11/turn              (no ring)

@: appendage
A: change form in water, swift swim, stealthy swim, horns 2
a: End Transformation


You were on level 3 of the Dungeon.
You were not hungry.
You had grown temporary horns.
You visited 1 branch of the dungeon, and saw 3 of its levels.

You collected 81 gold pieces.

Inventory:

Hand Weapons
 f - a +2 whip of freezing (weapon)
Missiles
 a - 71 arrows
 e - 58 stones (quivered)
Armour
 b - a +0 robe (worn)
 n - a +0 pair of gloves (worn)
Jewellery
 p - a cursed ring of teleportation {unknown}
Scrolls
 h - 2 scrolls of fog {unknown}
 l - a scroll of teleportation {unknown}
 m - 3 scrolls of fear {unknown}
 o - 2 scrolls of remove curse {unknown}
 q - a scroll of identify {unknown}
Potions
 g - 2 potions of brilliance {unknown}
 i - 2 potions of curing {unknown}
 j - a potion of degeneration {unknown}
 k - a potion of flight {unknown}
 r - a potion of magic {unknown}
Comestibles
 c - 3 chunks of flesh
 d - 5 rations


   Skills:
 - Level 1.7 Fighting
 - Level 3.2 Dodging
 * Level 2.1 Stealth
 - Level 3.6 Unarmed Combat
 + Level 2.7 Spellcasting
 + Level 3.7 Transmutations


You had 7 spell levels left.
You knew the following spells:

 Your Spells              Type           Power        Failure   Level  Hunger
a - Beastly Appendage     Tmut           ##....       4%          1    #......

Your spell library contained the following spells:

 Spells                   Type           Power        Failure   Level  Hunger
 Sticks to Snakes         Tmut           ##......     8%          2    ###....
 Spider Form              Tmut/Pois      #.........   32%         3    ###....
 Ice Form                 Ice/Tmut       #.......     73%         4    #####..
 Blade Hands              Tmut           ##........   80%         5    ######.


Dungeon Overview and Level Annotations

Branches:
Dungeon (3/15)

Altars:

Annotations:
D:2 Diggy hole


Innate Abilities, Weirdness & Mutations

You revert to your normal form in water You are very nimble and swift while swimming.
You are very stealthy in the water. (Stealth+)
You have a pair of horns on your head.


Message History

You are too injured to fight recklessly!
The quokka bites you.
A bat comes into view.
The orc barely misses you. The quokka misses you. The quokka bites you.
Casting: Beastly Appendage (safe; 4% risk of failure)
Confirm with . or Enter, or press ? or * to list all spells.
You extend your transformation's duration.
The quokka misses you. The orc barely misses you.
Number of times to repeat, then command key: You must enter the number of times for the command to repeat.
You barely miss the quokka. Your headbutt misses the quokka.
The quokka barely misses you. The orc barely misses you. The quokka bites you.
* * * LOW HITPOINT WARNING * * *
You hit the quokka. You freeze the quokka. Your headbutt misses the quokka.
The quokka is heavily wounded.
The quokka bites you.
* * * LOW HITPOINT WARNING * * *
The orc hits you from afar with a +0 trident!
You die...

........................
#......(.......[....##
#...#.###.).......#.## #
##.##.# ##<)..###....#
#. #.##.# ####.....###.
#.#.##.##.##########.##
# #......รท....)...... #
#####..##.#####.###
#..##@# ##..##r#
#...##o## #.#.#oow##
###o....o..##
.b...........#
#.####.!)....##
#..#...## #..##.##


You could see a dart slug, 4 orcs and a quokka.

Vanquished Creatures
  3 adders
  An ooze (D:2)
  A worm (D:3)
  2 dart slugs
  2 leopard geckos
  2 orcs (D:3)
  A giant cockroach (D:2)
  7 hobgoblins
  4 jackals
  4 bats
  3 frilled lizards
  2 goblins
  6 kobolds
  22 rats
60 creatures vanquished.

Notes
Turn   | Place    | Note
-------+----------+-------------------------------------------
     0 | D:1      | Destapler the Merfolk Transmuter began the quest for the
                  | Orb.
     0 | D:1      | Reached XP level 1. HP: 15/15 MP: 3/3
   133 | D:1      | Reached XP level 2. HP: 20/21 MP: 5/5
   685 | D:1      | Reached XP level 3. HP: 27/27 MP: 6/6
  1302 | D:2      | Reached skill level 1 in Stealth
  1499 | D:2      | Reached XP level 4. HP: 22/33 MP: 7/7
  1896 | D:3      | HP: 1/33 [hobgoblin/+0 club (6)]
  2407 | D:3      | Slain by an orc

Skill      XL: |  1  2  3  4 |
---------------+-------------+-----
Dodging        | 3 |  3.2
Transmutations | 3 |  3.7
Stealth        | 1 2 |  2.1
Fighting       | |  1.7
Unarmed Combat | |  3.6
Spellcasting   | |  2.7

Action                   |  1- 3 |  4- 6 || total
-------------------------+-------+-------++-------
Melee: Unarmed           |    40 |       ||    40
       Headbutt          |     4 |     3 ||     7
       Whip              |    65 |    45 ||   110
       Punch             |       |     1 ||     1
Throw: Stone             |     1 |       ||     1
 Cast: Beastly Appendage |     8 |     6 ||    14
  Use: Potion            |       |     1 ||     1
 Stab: Sleeping          |     7 |     1 ||     8
  Eat: Chunk             |     2 |     3 ||     5
Armor: Robe              |    10 |    11 ||    21
Dodge: Dodged            |    77 |    56 ||   133
